 Dungeon Crawl Stone Soup version 0.24.0-123-gd5b16e6ec5 (webtiles) character file.

Game seed: 599809637277211531, levelgen mode: deterministic

98400 Peloso the Peltast (level 15, -3/138 HPs)
             Began as a Minotaur Fighter on Jan 25, 2020.
             Was the Champion of Okawaru.
             Slain by a very large slime creature (48 damage)
             ... on level 1 of the Swamp.
             The game lasted 01:20:08 (27572 turns).

Peloso the Peltast (Minotaur Fighter)              Turns: 27572, Time: 01:20:08

Health: -3/138     AC: 24    Str: 29    XL:     15   Next: 74%
Magic:  0/16       EV: 14    Int:  5    God:    Okawaru [******]
Gold:   1288       SH: 11    Dex: 12    Spells: 14/14 levels left

rFire    . . .     SeeInvis .   a - +2 double sword (elec)
rCold    . . .     Gourm    .   c - +3 warlock's mirror {reflect}
rNeg     . . .     Faith    .   h - +8 scale mail of Ynunk {Slay+3}
rPois    .         Spirit   +   (helmet restricted)
rElec    .         Reflect  +   k - scarf {cloud immunity}
rCorr    +         Harm     .   J - +1 pair of gloves
MR       +....                  I - +2 pair of boots
Stlth    +.........             L - amulet of guardian spirit
HPRegen  0.33/turn              u - ring "Bucaud" {rCorr Str+4}
MPRegen  0.15/turn              (no ring)

@: no status effects
A: retaliatory headbutt, horns 2
a: Heroism, Finesse, Renounce Religion


You were on level 1 of the Swamp.
You worshipped Okawaru.
Okawaru was exalted by your worship.
You were not hungry.

You visited 5 branches of the dungeon, and saw 25 of its levels.
You also visited: Sewer and Gauntlet.

You collected 2522 gold pieces.
You spent 1234 gold pieces at shops.

Inventory:

Hand Weapons
 a - a +2 double sword of electrocution (weapon)
 b - a +5 scimitar of flaming
Armour
 c - the +3 warlock's mirror (worn) {reflect}
   (You bought it in a shop on level 2 of the Orcish Mines)
 h - the +8 scale mail of Ynunk (worn) {Slay+3}
   (You bought it in a shop on level 2 of the Orcish Mines)

   It affects your accuracy and damage with ranged weapons and melee attacks
   (+3).
 k - a scarf of cloud immunity (worn)
 I - a +2 pair of boots (worn)
 J - a +1 pair of gloves (worn)
Jewellery
 t - the ring "Ohischath" {Fire rElec}
   (You found it in a Gauntlet)

   [ring of fire]

   It enhances your fire magic.
   It protects you from fire.
   It makes you vulnerable to cold.
   It insulates you from electricity.
 u - the ring "Bucaud" (left hand) {rCorr Str+4}
   (You found it on level 15 of the Dungeon)

   [ring of resist corrosion]

   It affects your strength (+4).
   It provides partial protection from all sources of acid and corrosion.
 y - a +2 ring of slaying
 z - an uncursed ring of protection from cold
 D - an uncursed ring of poison resistance
 L - an amulet of guardian spirit (around neck)
 O - an uncursed ring of see invisible
 T - an uncursed ring of flight
 U - an uncursed ring of protection from fire
Wands
 o - a wand of digging (4)
Scrolls
 e - 2 scrolls of fear
 m - 8 scrolls of remove curse
 s - 11 scrolls of teleportation
 x - 3 scrolls of magic mapping
 F - 5 scrolls of noise
 R - 5 scrolls of identify
 X - a scroll of blinking
Potions
 d - 5 potions of might
 g - 4 potions of curing
 j - 5 potions of haste
 n - a potion of berserk rage
 r - 4 potions of flight
 G - 7 potions of agility
Comestibles
 f - 52 rations


   Skills:
 + Level 14.1 Fighting
 + Level 17.2 Long Blades
 + Level 14.2 Armour
 + Level 7.0 Dodging
 + Level 2.8 Stealth
 + Level 18.1 Shields
 + Level 2.8 Invocations
 + Level 0.2 Evocations


You had 14 spell levels left.
You didn't know any spells.
Your spell library contained the following spells:

 Spells                   Type           Power        Failure   Level  Hunger
 Animate Skeleton         Necr           N/A          67%         1    ##.....
 Beastly Appendage        Tmut           #.....       67%         1    ##.....
 Confusing Touch          Hex            #.....       67%         1    ##.....
 Corona                   Hex            #......      67%         1    ##.....
 Freeze                   Ice            #...         67%         1    ##.....
 Magic Dart               Conj           #...         67%         1    ##.....
 Pain                     Necr           #...         67%         1    ##.....
 Blink                    Tloc           N/A          80%         2    ###....
 Call Imp                 Summ           #.......     80%         2    ###....
 Ensorcelled Hibernation  Hex/Ice        #.....       80%         2    ###....
 Slow                     Hex            #.......     80%         2    ###....
 Sticks to Snakes         Tmut           #.......     80%         2    ###....
 Throw Frost              Conj/Ice       #.....       80%         2    ###....
 Confuse                  Hex            #.......     95%         3    ####...
 Conjure Flame            Conj/Fire      #.......     95%         3    ####...
 Dazzling Spray           Conj/Hex       #.....       95%         3    ####...
 Gell's Gravitas          Tloc           #.........   95%         3    ####...
 Ignite Poison            Fire/Tmut/Pois #.......     95%         3    ####...
 Inner Flame              Hex/Fire       #.......     95%         3    ####...
 Mephitic Cloud           Conj/Pois/Air  #.......     95%         3    ####...
 Ozocubu's Armour         Chrm/Ice       #.......     95%         3    ####...
 Portal Projectile        Hex/Tloc       #.....       95%         3    ####...
 Regeneration             Chrm/Necr      #.........   95%         3    ####...
 Spider Form              Tmut/Pois      #.........   95%         3    ####...
 Tukima's Dance           Hex            #.......     95%         3    ####...
 Vampiric Draining        Necr           #.........   95%         3    ####...
 Animate Dead             Necr           N/A          100%        4    #####..
 Cause Fear               Hex            #.........   100%        4    #####..
 Ice Form                 Ice/Tmut       #.......     100%        4    #####..
 Leda's Liquefaction      Hex/Erth       #.........   100%        4    #####..
 Petrify                  Tmut/Erth      #.......     100%        4    #####..
 Summon Ice Beast         Ice/Summ       #.......     100%        4    #####..
 Throw Icicle             Conj/Ice       #.......     100%        4    #####..
 Blade Hands              Tmut           #.........   100%        5    ######.
 Fireball                 Conj/Fire      #.........   100%        5    ######.
 Metabolic Englaciation   Hex/Ice        #.........   100%        5    ######.
 Yara's Violent Unravell  Hex/Tmut       #.........   100%        5    ######.
 Bolt of Fire             Conj/Fire      #.........   100%        6    #######
 Ring of Flames           Chrm/Fire      #.........   100%        7    #######
 Ignition                 Fire           #.........   100%        8    #######


Dungeon Overview and Level Annotations

Branches:
Dungeon (15/15)            Temple (1/1) D:6            Lair (6/6) D:9
  Swamp (1/4) Lair:4        Snake (0/4) Lair:4        Slime (0/5) Lair:6
    Orc (2/2) D:9             Elf (0/3) Orc:2        Vaults (0/5) D:13
 Depths (0/5) D:15          Sewer (visited)         Gauntlet (visited)

Altars:
Ashenzari
Cheibriados
Elyvilon
Fedhas
Gozag
Hepliaklqana
Kikubaaqudgha
Makhleb
Nemelex Xobeh
Okawaru
Qazlal
Trog
Uskayaw
Vehumet
Wu Jian
Yredelemnul
The Shining One
Beogh
Jiyva

Shops:
D:7 %   D:14 (   Orc:2 }:%[*

Annotations:
Lair:6 3 runed translucent doors, Winsalot's ghost, journeyman DgCj


Innate Abilities, Weirdness & Mutations

You reflexively headbutt those who attack you in melee.
You have a pair of horns on your head.


Message History

The alligator closely misses you.
You slice the large slime creature!!
The large slime creature is moderately wounded.
The alligator bites you!!
The alligator tail-slaps you but does no damage.
The large slime creature hits you!
Two slime creatures merge to form a very large slime creature.
You block the alligator's attack. The alligator misses you.
You slash the very large slime creature!
You headbutt the very large slime creature.
The very large slime creature is moderately wounded.
The alligator puts on a burst of speed!
The alligator bites you! The alligator barely misses you.
The alligator bites you but does no damage.
The alligator tail-slaps you but does no damage.
The alligator barely misses you.
The alligator tail-slaps you but does no damage.
The alligator misses you. You block the alligator's attack.
The very large slime creature hits you!!!
You die...

♣♣♣♣≈..§....
♣♣♣♣......♣..♣
...≈≈≈≈.≈≈≈..♣ ≈
.≈≈≈≈≈≈.≈≈≈≈!♣≈≈
≈≈≈≈≈≈≈..≈≈.≈≈≈.
§≈≈≈≈≈≈.t≈≈.♣
.≈≈≈≈≈..t≈≈.♣
.......Jtw.♣♣
.$......@.♣♣♣
.≈≈≈≈..>≈(.≈♣♣♣♣
..≈≈....≈..†.≈.♣
.(≈≈....<.≈§≈≈.♣
♣.......≈♣♣≈..≈♣
♣♣.≈.≈≈≈♣♣♣♣♣♣♣♣
♣♣♣.≈.♣ ♣♣≈♣ ♣♣


You could see 3 alligators, a very large slime creature and a swamp worm.

Vanquished Creatures
  A cacodemon (Gauntlet)
  The ghost of Faustar the Grappler, a journeyman TrBe of Trog (Lair:5)
  Azrael (D:15)
  A minotaur (Gauntlet)
  An ettin (D:15)
  5 dire elephants (Lair:6)
  2 fire dragons
  A death ooze (Gauntlet)
  An ogre mage (D:15)
  Fannar (Lair:3)
  Harold (D:10)
  6 hydras
  A shambling mangrove (Swamp:1)
  A death knight (D:12)
  An anaconda (Lair:6)
  7 two-headed ogres
  8 centaur warriors
  Erica (D:9)
  A death yak (Lair:6)
  An alligator (Swamp:1)
  2 orc high priests
  Urug (Lair:2)
  2 unseen horrors (D:10)
  A deep troll (D:15)
  A deep elf archer (D:15)
  5 orc knights
  Pikel (D:6)
  5 cyclopes
  3 orc sorcerers
  3 manticores
  3 oklob plants (Lair:2)
  4 deep elf magi
  4 slime creatures
  12 ugly things
  11 elephants
  A salamander (shapeshifter) (D:15)
  A centaur zombie (D:10)
  A torpor snail (Lair:6)
  4 black mambas
  8 spiny frogs
  2 gargoyles
  2 kobold demonologists
  A yaktaur (shapeshifter) (D:15)
  3 rime drakes (Lair:6)
  3 minotaur zombies (Gauntlet)
  3 komodo dragons
  8 trolls
  2 tengu conjurers (D:15)
  3 meliai (Lair:5)
  A queen bee (Lair:5)
  4 hornets
  8 hippogriffs
  A centaur simulacrum (D:15)
  3 flying skulls (Gauntlet)
  A spriggan (shapeshifter) (D:13)
  3 shadows
  A wraith (D:13)
  32 yaks
  Sigmund (D:6)
  A water elemental (D:15)
  2 wyverns
  3 fire elementals (D:15)
  Grum (D:9)
  5 basilisks
  A neqoxec (Gauntlet)
  2 vampire mosquitoes (Lair:3)
  A hungry ghost (D:13)
  3 wargs
  4 insubstantial wisps (Lair:3)
  2 nagas (Lair:4)
  A swamp worm (Swamp:1)
  14 water moccasins
  An acid dragon (D:15)
  6 porcupines
  3 hell hounds (D:15)
  38 orc warriors
  A hornet zombie (D:14)
  10 ice beasts
  3 eyes of draining
  A phantom (D:7)
  3 swamp drakes
  2 black bears (D:12)
  3 sky beasts
  8 ogres
  30 centaurs
  3 necrophages
  22 wolves
  16 crocodiles
  4 big kobolds (D:11)
  Blork the orc (D:7)
  A gnoll sergeant (D:7)
  17 bullfrogs
  3 wyvern zombies
  6 scorpions
  25 killer bees
  7 wights
  An electric eel (D:15)
  2 howler monkeys (D:14)
  8 crimson imps
  A bullfrog zombie (D:13)
  A quasit (D:13)
  10 hounds
  4 jellies
  14 orc priests
  21 orc wizards
  3 centaur skeletons
  11 worker ants
  Natasha (D:2)
  5 iguanas
  5 hell rats (Lair:6)
  Terence (D:2)
  3 hound skeletons
  4 gnolls (D:2)
  18 adders
  5 shadow imps
  A white imp (D:6)
  An ooze (D:3)
  An adder zombie (D:9)
  An adder skeleton (D:4)
  2 worms
  5 dart slugs
  9 leopard geckos
  73 orcs
  A ball python (Sewer)
  5 bats
  7 giant cockroaches
  10 goblins
  8 hobgoblins
  15 jackals
  7 quokkas
  A ball python zombie (D:6)
  14 frilled lizards
  A goblin zombie (D:6)
  2 hobgoblin zombies (D:6)
  16 kobolds
  A kobold skeleton (D:6)
  3 kobold zombies (D:6)
  5 rats
  4 fungi (D:15)
  17 plants
780 creatures vanquished.

Vanquished Creatures (others)
  A fire giant (D:15)
  Eustachio (D:6)
  2 centaurs (Orc:2)
  2 orcs (Orc:2)
  5 demonic plants (Gauntlet)
  17 fungi
  8 plants
  A toadstool (Swamp:1)
  8 withered plants (Gauntlet)
45 creatures vanquished.

Grand Total: 825 creatures vanquished

Notes
Turn   | Place    | Note
-------+----------+-------------------------------------------
     0 | D:1      | Peloso the Minotaur Fighter began the quest for the Orb.
     0 | D:1      | Reached XP level 1. HP: 19/19 MP: 0/0
    44 | D:1      | Reached XP level 2. HP: 26/27 MP: 1/1
   202 | D:1      | Reached skill level 4 in Shields
   427 | D:1      | Reached XP level 3. HP: 33/33 MP: 2/2
   822 | D:2      | Reached XP level 4. HP: 29/40 MP: 3/3
   990 | D:2      | Noticed Terence
  1005 | D:2      | Killed Terence
  1063 | D:2      | Reached XP level 5. HP: 22/46 MP: 4/4
  1158 | D:2      | Noticed Natasha
  1167 | D:2      | Killed Natasha
  1167 | D:2      | Reached skill level 5 in Long Blades
  2465 | D:4      | Found a glowing drain.
  2490 | Sewer    | Entered a sewer
  2566 | Sewer    | Reached skill level 5 in Shields
  2623 | Sewer    | Reached XP level 6. HP: 53/53 MP: 5/5
  3752 | D:4      | Found a shattered altar of Ashenzari.
  3865 | D:4      | Reached skill level 5 in Armour
  3950 | D:4      | You fall into a shaft and drop 3 floors!
  3957 | D:7      | Reached skill level 1 in Dodging
  3957 | D:7      | Reached XP level 7. HP: 46/60 MP: 6/6
  3982 | D:7      | Reached skill level 6 in Shields
  4267 | D:7      | Reached skill level 5 in Fighting
  4267 | D:7      | Reached XP level 8. HP: 28/68 MP: 7/7
  4459 | D:7      | Noticed Blork the orc
  4469 | D:7      | Killed Blork the orc
  4578 | D:7      | Reached skill level 7 in Shields
  4776 | D:7      | Found Doivemis's Food Boutique.
  5095 | D:7      | Noticed a hippogriff
  5106 | D:7      | Killed a hippogriff
  5486 | D:6      | Found a glowing golden altar of the Shining One.
  5531 | D:6      | Noticed Pikel
  5531 | D:6      | Noticed Sigmund
  5557 | D:6      | Killed Pikel
  5557 | D:6      | Reached skill level 8 in Shields
  5557 | D:6      | Reached XP level 9. HP: 4/74 MP: 8/8
  5887 | D:6      | Killed Sigmund
  5936 | D:6      | Killed Eustachio
  6233 | D:6      | Found a staircase to the Ecumenical Temple.
  6296 | Temple   | Entered the Ecumenical Temple
  6306 | Temple   | Became a worshipper of Warmaster Okawaru
  6346 | D:6      | Found a snail-covered altar of Cheibriados.
  6438 | D:5      | Entered Level 5 of the Dungeon
  6484 | D:5      | Noticed a troll
  6499 | D:5      | Killed a troll
  6499 | D:5      | Reached skill level 9 in Shields
  6718 | D:5      | Reached skill level 10 in Long Blades
  6753 | D:5      | Found a white marble altar of Elyvilon.
  6757 | D:5      | Found a basalt altar of Yredelemnul.
  6758 | D:5      | Found a bloodstained altar of Trog.
  6758 | D:5      | Found a burning altar of Makhleb.
  6758 | D:5      | Found an ornate altar of the Wu Jian Council.
  6759 | D:5      | Found a blossoming altar of Fedhas.
  6764 | D:5      | Reached * piety under Okawaru
  7443 | D:8      | Noticed a red ugly thing
  7453 | D:8      | Killed a red ugly thing
  7502 | D:8      | Reached XP level 10. HP: 84/84 MP: 2/9
  7553 | D:8      | Reached ** piety under Okawaru
  7553 | D:8      | Reached skill level 10 in Shields
  7589 | D:8      | Noticed a two-headed ogre
  7598 | D:8      | Killed a two-headed ogre
  7757 | D:8      | Found a sparkling altar of Nemelex Xobeh.
  7759 | D:8      | Found a stormy altar of Qazlal.
  7759 | D:8      | Found a radiant altar of Vehumet.
  7759 | D:8      | Found an opulent altar of Gozag.
  7761 | D:8      | Found a hide-covered altar of Uskayaw.
  8334 | D:9      | Noticed a two-headed ogre
  8344 | D:9      | Killed a two-headed ogre
  8344 | D:9      | Reached *** piety under Okawaru
  8344 | D:9      | Reached skill level 11 in Shields
  8422 | D:9      | Noticed Erica
  8446 | D:9      | Killed Erica
  8452 | D:9      | Reached **** piety under Okawaru
  8686 | D:9      | Reached skill level 10 in Armour
  8686 | D:9      | Reached XP level 11. HP: 60/92 MP: 10/10
  8715 | D:9      | Noticed a two-headed ogre
  8726 | D:9      | Killed a two-headed ogre
  8785 | D:9      | Found a staircase to the Orcish Mines.
  8795 | D:9      | Reached skill level 12 in Shields
  8847 | D:9      | Found a roughly hewn altar of Beogh.
  8936 | D:9      | Found a staircase to the Lair.
  8945 | D:9      | Reached ***** piety under Okawaru
  9112 | D:9      | Noticed Grum
  9139 | D:9      | Killed Grum
  9197 | Lair:1   | Entered Level 1 of the Lair of Beasts
  9886 | D:10     | Entered Level 10 of the Dungeon
 10199 | D:10     | Killed an unseen horror
 10265 | D:10     | Noticed Harold
 10284 | D:10     | Killed Harold
 10402 | D:10     | Killed an unseen horror
 10402 | D:10     | Received a gift from Okawaru
 10406 | D:10     | Got a blackened scimitar {god gift}
 10407 | D:10     | Identified the +1 scimitar of Distant Worlds {flame, +Inv
                  | Dex+4} (Okawaru gifted it to you on level 10 of the
                  | Dungeon)
 10468 | D:10     | Reached skill level 13 in Shields
 10723 | D:11     | Reached XP level 12. HP: 69/103 MP: 11/11
 10738 | D:11     | Found a gate leading to a gauntlet.
 10777 | Gauntlet | Entered a Gauntlet
 10777 | Gauntlet | Found a transporter.
 10787 | Gauntlet | Found a transporter.
 10789 | Gauntlet | Found a transporter.
 10791 | Gauntlet | Found a transporter.
 10793 | Gauntlet | Found a large runed translucent door.
 10793 | Gauntlet | Found a large runed translucent door.
 10794 | Gauntlet | Found a large runed translucent door.
 10794 | Gauntlet | Found a large runed translucent door.
 10807 | Gauntlet | Noticed a death ooze
 10812 | Gauntlet | Found a transporter.
 10822 | Gauntlet | Found a transporter.
 10830 | Gauntlet | Found a transporter.
 10845 | Gauntlet | Noticed a cacodemon
 10846 | Gauntlet | Found a transporter.
 10865 | Gauntlet | Found a transporter.
 10873 | Gauntlet | Found a large runed translucent door.
 10874 | Gauntlet | Found a large runed translucent door.
 10875 | Gauntlet | Found a large runed translucent door.
 10875 | Gauntlet | Found a large runed translucent door.
 10876 | Gauntlet | Found a runed translucent gate.
 10877 | Gauntlet | Found a transporter.
 10877 | Gauntlet | Found a runed translucent gate.
 10877 | Gauntlet | Noticed a cacodemon
 10878 | Gauntlet | Found a runed translucent gate.
 10879 | Gauntlet | Found a large runed translucent door.
 10879 | Gauntlet | Found a large runed translucent door.
 10880 | Gauntlet | Found a large runed translucent door.
 10881 | Gauntlet | Found a large runed translucent door.
 10889 | Gauntlet | Found a transporter.
 10891 | Gauntlet | Found a large runed translucent door.
 10891 | Gauntlet | Found a large runed translucent door.
 10891 | Gauntlet | Found a runed translucent door.
 10891 | Gauntlet | Found a runed translucent door.
 10895 | Gauntlet | Found a transporter.
 10921 | Gauntlet | Found a transporter.
 10926 | Gauntlet | Found a transporter.
 10927 | Gauntlet | Noticed a ghost crab
 10928 | Gauntlet | Found a transporter.
 10947 | Gauntlet | Noticed a death scarab
 10951 | Gauntlet | Found a transporter.
 10956 | Gauntlet | Found a transporter.
 10978 | Gauntlet | Noticed a death scarab
 11011 | Gauntlet | Found a transporter.
 11210 | Gauntlet | Found a large runed translucent door.
 11211 | Gauntlet | Found a large runed translucent door.
 11226 | Gauntlet | Killed a death ooze
 11276 | Gauntlet | Killed a cacodemon
 11276 | Gauntlet | Reached skill level 1 in Invocations
 11291 | Gauntlet | Got a crude wooden ring
 11298 | Gauntlet | Identified the ring "Ohischath" {Fire rElec} (You found it
                  | in a Gauntlet)
 11313 | Gauntlet | Noticed a minotaur
 11334 | Gauntlet | Killed a minotaur
 11914 | D:11     | Received a gift from Okawaru
 11914 | D:11     | Reached skill level 14 in Shields
 12409 | D:12     | Noticed a death knight
 12435 | D:12     | Killed a death knight
 13008 | D:12     | Received a gift from Okawaru
 13023 | D:12     | Got a twisted quarterstaff {god gift}
 13101 | D:12     | Got a slimy spear
 13341 | Lair:1   | Identified the +9 spear of Kackil {pierce, MR+ Int+3} (You
                  | found it on level 12 of the Dungeon)
 13349 | Lair:1   | Identified the +1 quarterstaff of the Solstice {crush,
                  | rN++} (Okawaru gifted it to you on level 12 of the Dungeon)
 13791 | D:13     | Noticed a centaur warrior
 13812 | D:13     | Killed a centaur warrior
 13812 | D:13     | Reached skill level 10 in Fighting
 13825 | D:13     | Noticed a centaur warrior
 13837 | D:13     | Killed a centaur warrior
 13903 | D:13     | Reached XP level 13. HP: 52/113 MP: 1/13
 14340 | D:13     | Received a gift from Okawaru
 14394 | D:13     | Noticed a fire dragon
 14413 | D:13     | Killed a fire dragon
 14688 | D:13     | Found a gate to the Vaults.
 14750 | D:13     | Reached skill level 15 in Shields
 15053 | D:13     | Reached ****** piety under Okawaru
 15073 | D:14     | Reached skill level 15 in Long Blades
 15074 | D:14     | Found Xauf Axkoe's Weapon Boutique.
 16083 | Lair:2   | Received a gift from Okawaru
 16170 | Lair:2   | Noticed Urug
 16180 | Lair:2   | Killed Urug
 17094 | Lair:2   | Received a gift from Okawaru
 17094 | Lair:2   | Reached skill level 16 in Shields
 17109 | Lair:2   | Got a crystal broad axe {god gift}
 17115 | Lair:2   | Identified the +9 broad axe of Egomania {chop, rC- rN+
                  | Stlth+} (Okawaru gifted it to you on level 2 of the Lair of
                  | Beasts)
 17152 | Lair:3   | Noticed Fannar
 17161 | Lair:3   | Killed Fannar
 17244 | Lair:3   | Reached XP level 14. HP: 113/125 MP: 15/15
 17866 | Lair:4   | Found a staircase to the Snake Pit.
 18179 | Lair:4   | Received a gift from Okawaru
 18182 | Lair:4   | Got an ichor-stained broad axe {god gift}
 18183 | Lair:4   | Identified the +5 broad axe of Distraction {drain, Int+3}
                  | (Okawaru gifted it to you on level 4 of the Lair of Beasts)
 18349 | Lair:4   | Found a staircase to the Swamp.
 18719 | Orc:1    | Entered Level 1 of the Orcish Mines
 19517 | Orc:2    | Entered Level 2 of the Orcish Mines
 19546 | Orc:2    | Found Yleqege's Gadget Shop.
 19554 | Orc:2    | Bought a wand of digging (5) for 198 gold pieces
 19569 | Orc:2    | Paralysed by an orc sorcerer for 5 turns
 19602 | Orc:2    | Found a staircase to the Elven Halls.
 20097 | Orc:2    | Found Veyfe's Armour Shoppe.
 20097 | Orc:2    | Found Irroumedol's Food Shop.
 20099 | Orc:2    | Found Sibyink's Book Boutique.
 20101 | Orc:2    | Found Ufej's Assorted Antiques.
 20116 | Orc:2    | Bought the +3 warlock's mirror {reflect} for 400 gold
                  | pieces
 20116 | Orc:2    | Found the +3 warlock's mirror {reflect}
 20129 | Orc:2    | Bought the +8 scale mail of Ynunk {Slay+3} for 636 gold
                  | pieces
 21052 | Orc:2    | Found a runed translucent door.
 21064 | Orc:2    | Reached skill level 17 in Shields
 21646 | Orc:2    | Found a roughly hewn altar of Beogh.
 21940 | D:15     | Entered Level 15 of the Dungeon
 21947 | D:15     | Reached skill level 5 in Dodging
 22058 | D:15     | Got a brightly glowing hunting sling
 22273 | D:15     | Received a gift from Okawaru
 22343 | D:15     | Found a staircase to the Depths.
 22602 | D:15     | Reached skill level 1 in Stealth
 23172 | D:15     | Reached XP level 15. HP: 126/135 MP: 16/16
 23175 | D:15     | Noticed a fire giant
 23180 | D:15     | Found a runed translucent door.
 23206 | D:15     | Noticed Azrael
 23217 | D:15     | Killed Azrael
 23538 | D:15     | Killed a fire giant
 23558 | D:15     | Got a steaming brass ring
 23574 | D:15     | Got a smoking scythe
 23591 | D:15     | Identified the ring "Bucaud" {rCorr Str+4} (You found it on
                  | level 15 of the Dungeon)
 24240 | Lair:5   | Found a transporter.
 24240 | Lair:5   | Noticed Faustar's ghost (journeyman TrBe)
 24662 | Lair:5   | Found a transporter.
 25179 | Lair:5   | Killed Faustar's ghost
 25205 | Lair:5   | Identified the +8 scythe of Japlastry {slice, +Inv +Fly
                  | MR+++ Stlth-} (You found it on level 15 of the Dungeon)
 25206 | Lair:5   | Identified the +9 hunting sling of the Countless Coins
                  | {speed, rF- Dex+7} (You found it on level 15 of the
                  | Dungeon)
 25257 | Lair:6   | Entered Level 6 of the Lair of Beasts
 25372 | Lair:6   | Received a gift from Okawaru
 26057 | Lair:6   | Found a runed translucent gate.
 26057 | Lair:6   | Found a runed translucent gate.
 26057 | Lair:6   | Found a runed translucent gate.
 26062 | Lair:6   | Noticed Winsalot's ghost (journeyman DgCj)
 26066 | Lair:6   | Found a staircase to the Slime Pits.
 26066 | Lair:6   | Found a viscous altar of Jiyva.
 26521 | Lair:6   | Reached skill level 18 in Shields
 26898 | Lair:6   | Received a gift from Okawaru
 27535 | Swamp:1  | Entered Level 1 of the Swamp
 27572 | Swamp:1  | Slain by a very large slime creature

Levels and vault maps discovered:
D:1:      lightli_arrival_windingriver, layout_loops_ring
D:2:      layout_basic, uniq_natasha, uniq_terence
D:3:      layout_rooms
D:4:      minmay_spotlight, layout_cave_pools, evilmike_ruin_ashenzari,
          portal_sewer_entry_d, first_ration, small_statue_intersection,
          kennysheep_generic_room_12
D:5:      layout_loops_cross, grunt_temple_overflow_open
D:6:      layout_loops_ring, nicolae_tso_besieged_by_evil, temple_statues,
          minmay_misc_feat_rugged, lemuel_statue_altar, uniq_eustachio,
          uniq_pikel, uniq_sigmund
D:7:      layout_layer_cave, serial_shops, shop, grunt_decor_arrowhead,
          grunt_ogre_cave, sword_in_stone
D:8:      layout_basic, minitemple
D:9:      layout_roguey, grunt_lair_entry_orc_guard_hut,
          minmay_orc_entry_temple_small, uniq_grum, uniq_erica
D:10:     layout_basic, uniq_harold
D:11:     layout_basic, gauntlet_entry_generic, lemuel_flame_loot_1
D:12:     layout_gridville
D:13:     layout_roguey, david_vaults_4, minmay_circle_x
D:14:     layout_long_grid, serial_shops, shop_fountains, minmay_misc_feat_room
D:15:     hangedman_depths_entry_civil_slaughter, layout_irregular_city,
          minivault_26, minmay_st_funbox, water_boxes_lemuel, uniq_azrael
Temple:   compressed_dpeg_triangle_lava_temple
Lair:1:   layout_hall_layers
Lair:2:   layout_loops_ring, minmay_lair_oklob_chamber, lemuel_fruit_fields,
          uniq_urug
Lair:3:   layout_concentric_octagons, pond, uniq_fannar
Lair:4:   layout_loops_ring, swamp_mist, guppyfry_snake_entry_garden
Lair:5:   layout_long_grid, special_room [special_room_bee],
          gammafunk_ghost_arena
Lair:6:   due_jungle_book, layout_cave_shapes, slime_altar_1,
          gammafunk_ghost_necromancy
Swamp:1:  cheibrodos_swamp_tower_of_moss, layout_basic_swamp,
          evilmike_swamp_ruin_house_6, uniq_josephine
Orc:1:    layout_caves
Orc:2:    st_orc_rangers, layout_diamond_mine, serial_shops, shop,
          lightli_church_of_beogh

Skill      XL: |  1  2  3  4  5  6  7  8  9 10 11 12 13 14 15 |
---------------+----------------------------------------------+-----
Fighting       | 4 5 6 7 8 10 11 13 14 | 14.1
Armour         | 4 5 6 8 9 10 11 12 13 14 | 14.2
Shields        | 4 5 6 8 9 11 13 14 16 17 18 | 18.1
Long Blades    | 3 4 5 6 7 9 10 11 13 14 15 16 17 | 17.2
Dodging        | 1 2 3 4 5 7 |  7.0
Invocations    | 2 |  2.8
Stealth        | 1 2 |  2.8
Evocations     | |  0.2

Action                   |  1- 3 |  4- 6 |  7- 9 | 10-12 | 13-15 || total
-------------------------+-------+-------+-------+-------+-------++-------
Melee: Long sword        |    98 |   489 |   349 |   158 |       ||  1094
       Headbutt          |    17 |   115 |    92 |   156 |   319 ||   699
       Scimitar          |       |       |       |   590 |   276 ||   866
       Double sword      |       |       |       |       |   864 ||   864
Invok: Heroism           |       |       |     1 |     7 |     4 ||    12
       Finesse           |       |       |       |     2 |       ||     2
Evoke: Wand              |       |       |       |     3 |     3 ||     6
  Use: Scroll            |     2 |    10 |     3 |    12 |    14 ||    41
       Potion            |     2 |     2 |     2 |     4 |     3 ||    13
 Stab: Petrified         |       |       |       |       |     4 ||     4
  Eat: Chunk             |       |     9 |    11 |    18 |    30 ||    68
       Ration            |       |     1 |       |     1 |     5 ||     7
Armor: Scale mail        |    20 |       |       |       |   216 ||   236
       Chain mail        |    32 |   169 |    29 |       |       ||   230
       Plate armour      |       |       |   110 |   299 |   248 ||   657
Dodge: Dodged            |    20 |    56 |    55 |   133 |   430 ||   694
       Deflected         |       |       |       |     2 |    46 ||    48
Block: Shield            |    51 |   180 |   193 |   470 |   550 ||  1444
       Buckler           |       |       |       |       |   360 ||   360
       Reflection        |       |       |       |       |    39 ||    39
       Rpst.: Long sword |     3 |    18 |    13 |     5 |       ||    39
       Scimitar          |       |       |       |    25 |    25 ||    50
       Double sword      |       |       |       |       |    89 ||    89
